| TOP OF THE 1ST |
|
University of Minnesota Golden Gophers batting - Pitching for Washington State University Cougars : LHP Andy Fitzsimmons
|
|
Pitching: LHP Andy Fitzsimmons
|
|
|
Batting: RHB Josh Shay
|
0-0: Ball 1-0: Ground out 1-3 (Groundball, 34S, EV 68.1 MPH)
|
|
Batting: RHB Willie Benito
|
0-0: Ball 1-0: Ball 2-0: Foul Ball, location: 2F 2-1: Called Strike 2-2: Ball 3-2: Foul Ball, location: 2F 3-2: Base on Balls
|
|
Batting: RHB Tom Primmer
|
0-0: Ball 1-0: Ball 2-0: Ball 3-0: Base on Balls Willie Benito to second
|
|
Batting: RHB Devin Lowery
|
0-0: Ball 1-0: Called Strike 1-1: Foul Ball, location: 2F 1-2: Ball 2-2: Foul Ball, location: 2F 2-2: Foul Ball, location: 2F 2-2: Ball 3-2: Foul Ball, location: 2F 3-2: SINGLE (Groundball, 56D, EV 107.5 MPH) Willie Benito to third Tom Primmer to second
|
|
Batting: LHB Felipe Gomez
|
0-0: Called Strike 0-1: Swinging Strike 0-2: Foul Ball, location: 2F 0-2: Ball 1-2: Foul Ball, location: 2F 1-2: Strikes out swinging
|
|
Batting: SHB Alex Montoya
|
0-0: Swinging Strike 0-1: Called Strike 0-2: Fly out, F1 (Line Drive, P, EV 71.3 MPH)
|
| Top of the 1st over - 0 runs, 1 hit, 0 errors, 3 left on base; University of Minnesota 0 - Washington State University 0 |
| BOTTOM OF THE 1ST |
|
Washington State University Cougars batting - Pitching for University of Minnesota Golden Gophers : RHP Chris Ray
|
|
Pitching: RHP Chris Ray
|
|
|
Batting: RHB Jesse Scott
|
0-0: Called Strike 0-1: Ground out 6-3 (Groundball, 6, EV 103.1 MPH)
|
|
Batting: RHB Tomio Ogawa
|
0-0: Ball 1-0: Called Strike 1-1: Foul Ball, location: 2F 1-2: Foul Ball, location: 2F 1-2: Strikes out swinging
|
|
Batting: LHB Zach Rose
|
0-0: Ball 1-0: Ball 2-0: Ball 3-0: Called Strike 3-1: Reached on error, E6 (Groundball, 6M, EV 88.8 MPH)
|
|
Batting: SHB Ben Myers
|
0-0: Called Strike 0-1: Foul Ball, location: 2F 0-2: Ball 1-2: Strikes out swinging
|
| Bottom of the 1st over - 0 runs, 0 hits, 1 error, 1 left on base; University of Minnesota 0 - Washington State University 0 |
| TOP OF THE 2ND |
|
University of Minnesota Golden Gophers batting - Pitching for Washington State University Cougars : LHP Andy Fitzsimmons
|
|
Batting: SHB Francisco Gutierrez
|
0-0: Foul Ball, location: 2F 0-1: Ball 1-1: Ball 2-1: Ball 3-1: Foul Ball, location: 2F 3-2: Foul Ball, location: 2F 3-2: Fly out, F4 (Line Drive, 4, EV 67.5 MPH)
|
|
Batting: LHB Jawad Fahad
|
0-0: Ball 1-0: Called Strike 1-1: Foul Ball, location: 2F 1-2: SINGLE (Line Drive, 7LS, EV 108.1 MPH)
|
|
Batting: RHB Chris Ray
|
0-0: Sac Bunt to 15S - play at first, batter OUT! 1-4 Jawad Fahad to second
|
|
Batting: RHB Josh Shay
|
0-0: Ball 1-0: SINGLE (Groundball, 6MD, EV 96.3 MPH) Jawad Fahad to third Runner from 3rd tries for Home, SAFE, throw by CF to home
|
|
Batting: RHB Willie Benito
|
0-0: Ball 1-0: Foul Ball, location: 2F 1-1: Foul Ball, location: 2F 1-2: Foul Ball, location: 2F 1-2: Ball 2-2: Ball 3-2: Fly out, F8 (Flyball, 89D, EV 90.6 MPH)
|
| Top of the 2nd over - 1 run, 2 hits, 0 errors, 1 left on base; University of Minnesota 1 - Washington State University 0 |
| BOTTOM OF THE 2ND |
|
Washington State University Cougars batting - Pitching for University of Minnesota Golden Gophers : RHP Chris Ray
|
|
Batting: LHB Gabe Velez
|
0-0: Fly out, F8 (Flyball, 8RD, EV 87.5 MPH)
|
|
Batting: RHB Sean Fulton
|
0-0: Foul Ball, location: 2F 0-1: Called Strike 0-2: Strikes out swinging
|
|
Batting: SHB Detlef Oursler
|
0-0: Ball 1-0: Called Strike 1-1: Swinging Strike 1-2: SINGLE (Groundball, 34D, EV 110.6 MPH)
|
|
Batting: RHB David Stayton
|
0-0: Ball 1-0: Called Strike Detlef Oursler steals 2nd base 1-1: Foul Ball, location: 2F 1-2: Ball 2-2: Foul Ball, location: 2F 2-2: Foul Ball, location: 2F 2-2: Strikes out swinging
|
| Bottom of the 2nd over - 0 runs, 1 hit, 0 errors, 1 left on base; University of Minnesota 1 - Washington State University 0 |
| TOP OF THE 3RD |
|
University of Minnesota Golden Gophers batting - Pitching for Washington State University Cougars : LHP Andy Fitzsimmons
|
|
Batting: RHB Tom Primmer
|
0-0: Called Strike 0-1: Ball 1-1: Ball 2-1: Ground out 1-3 (Groundball, 15S, EV 69.4 MPH)
|
|
Batting: RHB Devin Lowery
|
0-0: Ball 1-0: Ball 2-0: Foul Ball, location: 2F 2-1: Swinging Strike 2-2: Ball 3-2: Foul Ball, location: 2F 3-2: SOLO HOME RUN (Flyball, 7D, EV 102.5 MPH), Distance : 400 ft
|
|
Batting: LHB Felipe Gomez
|
0-0: Ball 1-0: Ball 2-0: Called Strike 2-1: Foul Ball, location: 2F 2-2: Strikes out swinging
|
|
Batting: SHB Alex Montoya
|
0-0: Foul Ball, location: 2F 0-1: Called Strike 0-2: Ball 1-2: Ball 2-2: Ground out 5-3 (Groundball, 56S, EV 66.3 MPH)
|
| Top of the 3rd over - 1 run, 1 hit, 0 errors, 0 left on base; University of Minnesota 2 - Washington State University 0 |
| BOTTOM OF THE 3RD |
|
Washington State University Cougars batting - Pitching for University of Minnesota Golden Gophers : RHP Chris Ray
|
|
Batting: LHB Andy Fitzsimmons
|
0-0: Ball 1-0: Called Strike 1-1: Foul Ball, location: 2F 1-2: Foul Ball, location: 2F 1-2: Foul Ball, location: 2F 1-2: Foul Ball, location: 2F 1-2: Strikes out swinging
|
|
Batting: RHB Jesse Scott
|
0-0: Ground out 6-3 (Groundball, 6, EV 88.8 MPH)
|
|
Batting: RHB Tomio Ogawa
|
0-0: Called Strike 0-1: Ball 1-1: Ball 2-1: Swinging Strike 2-2: Strikes out swinging
|
| Bottom of the 3rd over - 0 runs, 0 hits, 0 errors, 0 left on base; University of Minnesota 2 - Washington State University 0 |
| TOP OF THE 4TH |
|
University of Minnesota Golden Gophers batting - Pitching for Washington State University Cougars : LHP Andy Fitzsimmons
|
|
Batting: SHB Francisco Gutierrez
|
0-0: Ball 1-0: Ground out 2-3 (Groundball, 2L, EV 71.3 MPH)
|
|
Pitching: RHP Jim Spindel
|
|
|
Batting: LHB Jawad Fahad
|
0-0: Ball 1-0: Foul Ball, location: 2F 1-1: Ball 2-1: Foul Ball, location: 2F 2-2: Foul Ball, location: 2F 2-2: Ball 3-2: Foul Ball, location: 2F 3-2: Foul Ball, location: 2F 3-2: Base on Balls
|
|
Batting: RHB Chris Ray
|
0-0: Ball 1-0: Sac Bunt to 13S - play at first, batter OUT! 1-4 Jawad Fahad to second
|
|
Batting: RHB Josh Shay
|
0-0: Ball 1-0: Ball 2-0: Foul Ball, location: 2F 2-1: Foul Ball, location: 2F 2-2: Foul Ball, location: 2F 2-2: Ball 3-2: Foul Ball, location: 2F 3-2: SINGLE (Line Drive, 34, EV 97.5 MPH) Jawad Fahad to third Jawad Fahad scores
|
|
Batting: RHB Willie Benito
|
0-0: Swinging Strike 0-1: SINGLE (Groundball, 34S, EV 88.8 MPH) (infield hit) Josh Shay to second
|
|
Batting: RHB Tom Primmer
|
0-0: Ball 1-0: Foul Ball, location: 2F 1-1: Called Strike 1-2: Ball 2-2: Foul Ball, location: 2F 2-2: Fly out, F4 (Popup, 4MD, EV 64.4 MPH)
|
| Top of the 4th over - 1 run, 2 hits, 0 errors, 2 left on base; University of Minnesota 3 - Washington State University 0 |
| BOTTOM OF THE 4TH |
|
Washington State University Cougars batting - Pitching for University of Minnesota Golden Gophers : RHP Chris Ray
|
|
Batting: LHB Zach Rose
|
0-0: Called Strike 0-1: Ball 1-1: Swinging Strike 1-2: Strikes out looking
|
|
Batting: SHB Ben Myers
|
0-0: Foul Ball, location: 2F 0-1: Foul Ball, location: 2F 0-2: Strikes out swinging
|
|
Batting: LHB Gabe Velez
|
0-0: Called Strike 0-1: Foul Ball, location: 2F 0-2: Strikes out swinging
|
| Bottom of the 4th over - 0 runs, 0 hits, 0 errors, 0 left on base; University of Minnesota 3 - Washington State University 0 |
| TOP OF THE 5TH |
|
University of Minnesota Golden Gophers batting - Pitching for Washington State University Cougars : RHP Jim Spindel
|
|
Batting: RHB Devin Lowery
|
0-0: Ball 1-0: Ball 2-0: Called Strike 2-1: Ball 3-1: Base on Balls
|
|
Batting: LHB Felipe Gomez
|
0-0: Ball 1-0: Called Strike 1-1: Foul Ball, location: 2F 1-2: Ball 2-2: Ball 3-2: Base on Balls Devin Lowery to second
|
|
Batting: SHB Alex Montoya
|
0-0: Ball 1-0: DOUBLE (Groundball, 3L, EV 108.1 MPH) Devin Lowery scores Felipe Gomez to third
|
|
Batting: SHB Francisco Gutierrez
|
0-0: Ball 1-0: Fly out, F9 (Flyball, 89S, EV 85.6 MPH)
|
|
Batting: LHB Jawad Fahad
|
0-0: Intentional Walk
|
|
Batting: RHB Chris Ray
|
0-0: Called Strike 0-1: Ball 1-1: Swinging Strike 1-2: SINGLE (Groundball, 6D, EV 97.5 MPH) Felipe Gomez scores Alex Montoya to third Jawad Fahad to second Runner from 3rd tries for Home, SAFE, throw by CF to home
|
|
Pitching: RHP Aaron Henn
|
|
|
Batting: RHB Josh Shay
|
0-0: Ball 1-0: Swinging Strike 1-1: Foul Ball, location: 2F 1-2: SINGLE (Line Drive, 56, EV 100.0 MPH) Jawad Fahad to third Chris Ray to second
|
|
Batting: RHB Willie Benito
|
0-0: Ball 1-0: Foul Ball, location: 2F 1-1: Grounds into double play, 5-4-3 (Groundball, 56, EV 90.0 MPH)
|
| Top of the 5th over - 3 runs, 3 hits, 0 errors, 2 left on base; University of Minnesota 6 - Washington State University 0 |
| BOTTOM OF THE 5TH |
|
Washington State University Cougars batting - Pitching for University of Minnesota Golden Gophers : RHP Chris Ray
|
|
Batting: RHB Sean Fulton
|
0-0: Ball 1-0: Swinging Strike 1-1: SINGLE (Groundball, 5S, EV 73.8 MPH) (infield hit)
|
|
Batting: SHB Detlef Oursler
|
0-0: Called Strike 0-1: SINGLE (Groundball, 34D, EV 98.1 MPH) (infield hit) Sean Fulton to second
|
|
Batting: RHB David Stayton
|
0-0: Called Strike 0-1: Called Strike 0-2: Ball 1-2: Ball 2-2: SINGLE (Groundball, 3L, EV 95.6 MPH) Sean Fulton to third Detlef Oursler to second Throwing error, E9 Sean Fulton scores Detlef Oursler to third David Stayton to second
|
|
Pinch Hitting: RHB Jake Feinstein
|
0-0: Called Strike 0-1: Called Strike 0-2: Strikes out looking
|
|
Batting: RHB Jesse Scott
|
0-0: Ground out 6-3 (Groundball, 6, EV 105.6 MPH) Detlef Oursler scores
|
|
Batting: RHB Tomio Ogawa
|
0-0: Foul Ball, location: 2F 0-1: Foul Ball, location: 2F 0-2: Strikes out looking
|
| Bottom of the 5th over - 2 runs, 3 hits, 1 error, 1 left on base; University of Minnesota 6 - Washington State University 2 |
| TOP OF THE 6TH |
|
University of Minnesota Golden Gophers batting - Pitching for Washington State University Cougars : RHP Aaron Henn
|
|
Pitching: RHP Justin James
|
|
|
Batting: RHB Tom Primmer
|
0-0: Foul Ball, location: 2F 0-1: Ball 1-1: Ball 2-1: Foul Ball, location: 2F 2-2: Ball 3-2: SINGLE (Flyball, 89S, EV 89.4 MPH)
|
|
Batting: RHB Devin Lowery
|
0-0: Ball 1-0: Ball 2-0: Foul Ball, location: 2F 2-1: Called Strike 2-2: Ball Wild Pitch! Tom Primmer to second 3-2: Foul Ball, location: 2F 3-2: Base on Balls
|
|
Batting: LHB Felipe Gomez
|
0-0: Ball 1-0: Ball 2-0: Called Strike 2-1: Fly out, F9 (Flyball, 9, EV 85.6 MPH)
|
|
Batting: SHB Alex Montoya
|
0-0: Ball 1-0: Ball 2-0: Called Strike 2-1: Ball 3-1: Foul Ball, location: 2F 3-2: Foul Ball, location: 2F 3-2: Grounds into double play, 5-4-3 (Groundball, 56, EV 86.9 MPH)
|
| Top of the 6th over - 0 runs, 1 hit, 0 errors, 1 left on base; University of Minnesota 6 - Washington State University 2 |
| BOTTOM OF THE 6TH |
|
Washington State University Cougars batting - Pitching for University of Minnesota Golden Gophers : RHP Chris Ray
|
|
Batting: LHB Zach Rose
|
0-0: Ground out 4-3 (Groundball, 4S, EV 85.6 MPH)
|
|
Batting: SHB Ben Myers
|
0-0: Ball 1-0: Swinging Strike 1-1: Ball 2-1: Swinging Strike 2-2: Strikes out swinging
|
|
Batting: LHB Gabe Velez
|
0-0: Ball 1-0: Ground out 4-3 (Groundball, 4, EV 103.8 MPH)
|
| Bottom of the 6th over - 0 runs, 0 hits, 0 errors, 0 left on base; University of Minnesota 6 - Washington State University 2 |
| TOP OF THE 7TH |
|
University of Minnesota Golden Gophers batting - Pitching for Washington State University Cougars : RHP Justin James
|
|
Batting: SHB Francisco Gutierrez
|
0-0: Ball 1-0: Reached on error, E2 (Groundball, 15S, EV 68.1 MPH)
|
|
Batting: LHB Jawad Fahad
|
0-0: Fly out, F8 (Flyball, 8LD, EV 85.6 MPH)
|
|
Pinch Hitting: RHB Lamar Thornton
|
0-0: Called Strike 0-1: Called Strike 0-2: Ball 1-2: Fly out, F8 (Flyball, 8RS, EV 86.9 MPH)
|
|
Batting: RHB Josh Shay
|
0-0: Called Strike 0-1: Swinging Strike 0-2: Ball 1-2: Ground out 4-3 (Groundball, 4, EV 86.3 MPH)
|
| Top of the 7th over - 0 runs, 0 hits, 1 error, 1 left on base; University of Minnesota 6 - Washington State University 2 |
| BOTTOM OF THE 7TH |
|
Washington State University Cougars batting - Pitching for University of Minnesota Golden Gophers : RHP Chris Ray
|
|
Pitching: LHP Andy Gaiser
|
|
|
Batting: RHB Sean Fulton
|
0-0: Swinging Strike 0-1: Ground out 1-3 (Groundball, 15S, EV 68.1 MPH)
|
|
Batting: SHB Detlef Oursler
|
0-0: Ball 1-0: Ground out 6-3 (Groundball, 6, EV 103.1 MPH)
|
|
Batting: RHB David Stayton
|
0-0: Called Strike 0-1: Fly out, F5 (Popup, 5F, EV 59.4 MPH)
|
| Bottom of the 7th over - 0 runs, 0 hits, 0 errors, 0 left on base; University of Minnesota 6 - Washington State University 2 |
| TOP OF THE 8TH |
|
University of Minnesota Golden Gophers batting - Pitching for Washington State University Cougars : RHP Justin James
|
|
Pitching: RHP Jimmy Williams
|
|
|
Batting: RHB Willie Benito
|
0-0: Ball 1-0: Ball 2-0: Foul Ball, location: 2F 2-1: Ball 3-1: Base on Balls
|
|
Batting: RHB Tom Primmer
|
0-0: Ball 1-0: Swinging Strike 1-1: Ball 2-1: Called Strike 2-2: Foul Ball, location: 2F 2-2: Foul Ball, location: 2F 2-2: Strikes out looking
|
|
Batting: RHB Devin Lowery
|
0-0: Ball 1-0: Ball 2-0: Called Strike 2-1: Ball 3-1: Called Strike 3-2: Fly out, F9 (Flyball, 9LS, EV 91.9 MPH)
|
|
Batting: LHB Felipe Gomez
|
0-0: Called Strike 0-1: Ball 1-1: Ball 2-1: Foul Ball, location: 2F 2-2: Ball 3-2: Strikes out swinging
|
| Top of the 8th over - 0 runs, 0 hits, 0 errors, 1 left on base; University of Minnesota 6 - Washington State University 2 |
| BOTTOM OF THE 8TH |
|
Washington State University Cougars batting - Pitching for University of Minnesota Golden Gophers : LHP Andy Gaiser
|
|
Pinch Hitting: RHB Franklin Villanueva
|
0-0: Ball 1-0: Called Strike 1-1: Foul Ball, location: 2F 1-2: Ball 2-2: Foul Ball, location: 2F 2-2: Foul Ball, location: 2F 2-2: Strikes out swinging
|
|
Batting: RHB Jesse Scott
|
0-0: Called Strike 0-1: Ball 1-1: Fly out, F8 (Flyball, 8RS, EV 85.0 MPH)
|
|
Batting: RHB Tomio Ogawa
|
0-0: Foul Ball, location: 2F 0-1: Ball 1-1: Ball 2-1: Foul Ball, location: 2F 2-2: Fly out, F7 (Flyball, 78S, EV 91.9 MPH)
|
| Bottom of the 8th over - 0 runs, 0 hits, 0 errors, 0 left on base; University of Minnesota 6 - Washington State University 2 |
| TOP OF THE 9TH |
|
University of Minnesota Golden Gophers batting - Pitching for Washington State University Cougars : RHP Jimmy Williams
|
|
Pitching: LHP Aaron Manees
|
|
|
Batting: SHB Alex Montoya
|
0-0: Ball 1-0: Ball 2-0: Ball 3-0: Base on Balls
|
|
Batting: SHB Francisco Gutierrez
|
0-0: Ball 1-0: Called Strike 1-1: Ball 2-1: TRIPLE (Groundball, 5L, EV 101.3 MPH) Alex Montoya scores
|
|
Batting: LHB Jawad Fahad
|
0-0: Ball 1-0: Ground out 1-3 (Groundball, 34S, EV 73.8 MPH)
|
|
Pinch Hitting: RHB David LaGrone
|
0-0: Ball 1-0: Ball 2-0: Foul Ball, location: 2F 2-1: Ball 3-1: Swinging Strike 3-2: SINGLE (Flyball, 8LS, EV 92.5 MPH) Francisco Gutierrez scores
|
|
Batting: RHB Josh Shay
|
0-0: Called Strike 0-1: Fly out, F4 (Line Drive, 4, EV 65.0 MPH)
|
|
Batting: RHB Willie Benito
|
0-0: Called Strike 0-1: Fly out, F4 (Popup, 34, EV 78.8 MPH)
|
| Top of the 9th over - 2 runs, 2 hits, 0 errors, 1 left on base; University of Minnesota 8 - Washington State University 2 |
| BOTTOM OF THE 9TH |
|
Washington State University Cougars batting - Pitching for University of Minnesota Golden Gophers : LHP Andy Gaiser
|
|
Pitching: RHP Joe Pollina
|
|
|
Batting: LHB Zach Rose
|
0-0: Ball 1-0: Fly out, F7 (Flyball, 7, EV 86.9 MPH)
|
|
Batting: SHB Ben Myers
|
0-0: Ball 1-0: Ball 2-0: Ball 3-0: Base on Balls
|
|
Batting: LHB Gabe Velez
|
0-0: Called Strike 0-1: Ball 1-1: Foul Ball, location: 2F 1-2: Ball 2-2: Foul Ball, location: 2F 2-2: Ball 3-2: Foul Ball, location: 2F 3-2: Strikes out swinging
|
|
Batting: RHB Sean Fulton
|
0-0: Called Strike 0-1: Fly out, F6 (Line Drive, 6, EV 76.3 MPH)
|
| Bottom of the 9th over - 0 runs, 0 hits, 0 errors, 1 left on base; University of Minnesota 8 - Washington State University 2 |
|